AoeStats
← Gregory176144

Arabia

510463738Analyzed
1v1 RM · 2d ago on Oct 1, 2026· 33m 37s· 2 players
Game mode
Random Map
Map size
Tiny (2 player)
Population
200
Speed
Normal
Resources
Standard
Victory
Conquest
Starting age
Dark Age
Ending age
Imperial Age
RankedLock teamsTeams togetherTeam positionsShared explorationLock speedFull tech treeHidden civsTurbo modeCheats
Victory
Defeat
🇦🇷 Khmer · Argentina
1332
+16
🇦🇺 Magyars · Australia
1322
-16
LittleCaesar
6:05 Loom
9:05 Feudal Age
9:53 Double-Bit Axe
19:54 Castle Age
18:32 Gold Mining
18:51 Scale Barding Armor
19:05 Bloodlines
21:03 Chain Barding Armor
22:26 Husbandry
25:20 Wheelbarrow
31:20 Hand Cart
31:11 Horse Collar
32:56 Heavy Plow
33:30 Bow Saw
Gregory176144
8:32 Feudal Age
8:59 Double-Bit Axe
9:41 Horse Collar
17:21 Castle Age
16:55 Gold Mining
18:29 Wheelbarrow
18:18 Bow Saw
19:47 Town Watch
20:29 Loom
22:47 Gold Shaft Mining
23:11 Fletching
24:25 Bodkin Arrow
26:29 Ballistics
27:45 Sanctity
27:32 Padded Archer Armor
30:31 Imperial Age
28:21 Hand Cart
31:22 Bracer
31:38 Leather Archer Armor
33:30 Chemistry
33:17 Parthian Tactics
32:13 Heavy Cavalry Archer
Connection lost

Rejoining the realm…

Still unreachable

The connection could not be restored.

Session expired

The server has moved on; the page needs a fresh start.